 Dungeon Crawl Stone Soup version 0.31.0-11-ge490571c62 (webtiles) character file.

Game seed: 1321456138608019969

84 mopl the Trooper (level 4, -1/35 HPs)
             Began as a Demonspawn Fighter on Jan 29, 2024.
             Slain by Grinder (3 damage)
             ... on level 3 of the Dungeon.
             The game lasted 00:01:52 (1374 turns).

mopl the Trooper (Demonspawn Fighter)               Turns: 1374, Time: 00:01:53

Health: -1/35      AC: 15    Str: 18    XL:     4   Next: 23%
Magic:  4/4        EV:  5    Int:  9    God:
Gold:   72         SH:  4    Dex: 12    Spells: 3/3 levels left

rFire   . . .        a - +0 war axe
rCold   . . .        c - +0 buckler
rNeg    . . .        t - +0 plate armour
rPois   .            m - +0 helmet
rElec   .            i - +2 cloak
rCorr   .            (no gloves)
SInv    .            (no boots)
Will    .....        r - amulet of regeneration Stlth
                     (no ring)
HPRegen 1.05/turn    (no ring)
MPRegen 0.09/turn

%: no passive effects
@: no status effects
A: spiny 1
a: no special abilities


You were on level 3 of the Dungeon.
You visited 1 branch of the dungeon, and saw 3 of its levels.

You collected 72 gold pieces.

Inventory:

Hand Weapons
 a - a +0 war axe (weapon)
 b - a +1 hand axe of flaming
 p - a +0 dagger of venom
Missiles
 e - 6 poisoned darts (quivered)
Armour
 c - a +0 buckler (worn)
 i - a +2 cloak (worn)
 m - a +0 helmet (worn)
 t - a +0 plate armour (worn)
Jewellery
 r - an amulet of regeneration (around neck)
Scrolls
 f - a scroll of enchant armour {unknown}
 j - 2 scrolls of identify {unknown}
 l - a scroll of fog {unknown}
 n - 2 scrolls of enchant weapon {unknown}
 o - a scroll of fear {unknown}
 q - a scroll of amnesia {unknown}
 u - a scroll of teleportation {unknown}
 v - a scroll of blinking {unknown}
Potions
 d - 2 potions of might
 g - a potion of heal wounds {unknown}
 h - a potion of magic {unknown}
 k - a potion of attraction {unknown}
 s - a potion of mutation {unknown}
 w - a potion of resistance {unknown}


   Skills:
 + Level 3.4 Fighting
 * Level 2.8 Axes
 + Level 1.1 Throwing
 + Level 3.1 Armour
 + Level 1.1 Dodging
 - Level 2.6 Shields


You had 3 spell levels left.
You didn't know any spells.
Your spell library contained the following spells:

 Spells                   Type           Power      Damage    Failure   Level
 Ensorcelled Hibernation  Hex/Ice        0%         N/A       100%        2
 Hailstorm                Conj/Ice       0%         3d5       100%        3
 Passwall                 Erth           0%         N/A       100%        3
 Summon Ice Beast         Ice/Summ       0%         N/A       100%        3
 Swiftness                Air            0%         N/A       100%        3
 Sculpt Simulacrum        Ice/Alch       0%         N/A       100%        6


Dungeon Overview and Level Annotations

Branches:
Dungeon (3/15)

Altars:

Annotations:
D:3 Grinder


Innate Abilities, Weirdness & Mutations

You are partially covered in sharp spines.


Message History

You block the ufetubus's attack.
You closely miss the ufetubus.
The ufetubus is moderately wounded.
The ufetubus hits you but does no damage. x2
The ufetubus hits you. The ufetubus barely misses you.
You closely miss Grinder. You hit Grinder.
Grinder is lightly wounded.
You block Grinder's attack. Grinder is struck by your spines.
Grinder hits you but does no damage.
You barely miss Grinder.
Grinder is lightly wounded.
Grinder is struck by your spines. Grinder hits you.
You writhe in agony.
You barely miss Grinder.
Grinder is lightly wounded.
You block Grinder's attack. Grinder is struck by your spines. Grinder hits you.
You barely miss Grinder.
Grinder is lightly wounded.
Grinder gestures at you. Pain shoots through your body!
You closely miss Grinder.
Grinder is lightly wounded.
Grinder is struck by your spines. Grinder hits you.
You writhe in agony.
You are too injured to fight recklessly!
Unknown command.
You closely miss Grinder.
Grinder is lightly wounded.
You block Grinder's attack. Grinder hits you.
* * * LOW HITPOINT WARNING * * *
You barely miss Grinder.
Grinder is lightly wounded.
Grinder is struck by your spines. Grinder hits you but does no damage.
You closely miss Grinder.
Grinder is moderately wounded.
Grinder is struck by your spines. Grinder hits you but does no damage.
Grinder hits you!
* * * LOW HITPOINT WARNING * * *
You writhe in agony.
You die...
Grinder says, "Hey, I wasn't done torturing you yet!"

#### #....
#....###
#...55@##
#...5#..##
#... ##..##
#.. ##..##
## ####..#
#...#......#
#...####...#
#...# # ...
#...###...##


You could see Grinder and 2 ufetubi.

Vanquished Creatures
  Jessica (D:2)
  An adder (D:2)
  A dart slug (D:1)
  5 endoplasms
  5 giant cockroaches
  3 goblins
  A hobgoblin (D:3)
  5 kobolds
  2 quokkas (D:1)
  5 ball pythons
  9 bats
  4 frilled lizards
  4 rats
46 creatures vanquished.

Notes
Turn   | Place    | Note
-------+----------+-------------------------------------------
     0 | D:1      | mopl the Demonspawn Fighter began the quest for the Orb.
     0 | D:1      | Reached XP level 1. HP: 18/18 MP: 1/1
   166 | D:1      | Gained mutation: You are partially covered in sharp spines.
                  | [demonic ancestry]
   166 | D:1      | Reached XP level 2. HP: 23/24 MP: 2/2
   655 | D:1      | Reached XP level 3. HP: 29/29 MP: 3/3
  1030 | D:2      | Noticed Jessica
  1045 | D:2      | Killed Jessica
  1046 | D:2      | Reached skill level 1 in Throwing
  1046 | D:2      | Reached skill level 1 in Dodging
  1085 | D:2      | Reached XP level 4. HP: 35/35 MP: 4/4
  1363 | D:3      | Noticed Grinder
  1374 | D:3      | Slain by Grinder

Illustrated notes

Levels and vault maps discovered:
D:1:      spicycebolla_green_bress_n_ham_2, layout_basic, serial_forest,
          infiniplex_forest_straight_2, infiniplex_forest_straight_2,
          infiniplex_forest_clump_double, infiniplex_forest_corner_1,
          infiniplex_forest_clump_medium, infiniplex_forest_corner_1,
          infiniplex_forest_end_2, minmay_tetromino_l4
D:2:      layout_rooms, uniq_jessica
D:3:      layout_rooms, nicolae_overflow_hidden_temple,
          mainiacjoe_overflow_big_doors, regret_index_xom_buried_treasure,
          uniq_grinder

Skill      XL: |  1  2  3 |
---------------+----------+-----
Axes           | 2 |  2.8
Armour         | 3 |  3.1
Throwing       | 1 |  1.1
Dodging        | 1 |  1.1
Fighting       | |  3.4
Shields        | |  2.6

Action                     |  1- 3 |  4- 6 || total
---------------------------+-------+-------++-------
  Melee: War axe           |    56 |    31 ||    87
 Armour: Scale mail        |    23 |       ||    23
         Plate armour      |    10 |    25 ||    35
  Dodge: Dodged            |    23 |     6 ||    29
  Block: Buckler           |     6 |    10 ||    16
